[ AOE2 MATCH · #483338427 ]
UnrankedFranks vs Magyars
[ REPLAY ANALYSIS · EXTRACTED FROM THE RECORDED GAME ]
Feudal
9:03
Castle
21:11
Imperial
40:45
| APM avg | 47.3 |
| APM peak | 78 |
| eAPM avg | 20.3 |
| Villagers / military | 172 / 135 |
Focus
⚔️ 24.9% · 🌾 75.1%
Knight ×125 · Scout Cavalry ×8 · Mangonel ×2
Feudal
12:09
Castle
24:31
Imperial
41:28
| APM avg | 39.6 |
| APM peak | 78 |
| eAPM avg | 21.9 |
| Villagers / military | 179 / 488 |
Focus
⚔️ 30.0% · 🌾 70.0%
Scout Cavalry ×240 · Cavalry Archer ×145 · Knight ×68 · Skirmisher ×12 · Archer ×11 · Trebuchet (Packed) ×5
Feudal
9:24
Castle
21:30
Imperial
37:28
| APM avg | 64.5 |
| APM peak | 123 |
| eAPM avg | 29.3 |
| Villagers / military | 140 / 333 |
Focus
⚔️ 35.3% · 🌾 64.7%
Mangudai ×232 · Scout Cavalry ×50 · Camel Scout ×40 · Militia ×6 · Trebuchet (Packed) ×3 · Monk ×2
Feudal
8:53
Castle
21:47
Imperial
43:46
| APM avg | 42.7 |
| APM peak | 106 |
| eAPM avg | 17.9 |
| Villagers / military | 134 / 254 |
Focus
⚔️ 32.9% · 🌾 67.1%
Archer ×168 · Spearman ×85 · Monk ×1
Match map
Initial resources + every placement click. Lines = walls · curves = elevation contours. ◆ gold · ⬟ stone · ● berries · ✦ relic · ◌ wall gap
Your base· ✓ Closed at 21:11 · 36t walls · 1 gate(s)
Truitos del groovos's base· ✓ Closed at 24:31 · 57t walls · 1 gate(s)
MzTm | Monito Monito's base· Open — opponent sealed themselves in
The_Magenta's base· ✓ Closed at 21:47 · 29t walls · no gate
Smoothed initial terrain · ◌ = detected wall gap · hover for details
Inputs per minute
— TONY MONTANA - - Truitos del groovos
Build order — TONY MONTANA
First 150 of 517 actions detected
| 0:00 | Create | Villager (Male) |
| 0:01 | Create | Villager (Male) |
| 0:01 | Create | Villager (Male) |
| 0:02 | Create | Villager (Male) |
| 0:04 | Build | House |
| 0:05 | Build | House |
| 1:31 | Create | Villager (Male) |
| 1:31 | Create | Villager (Male) |
| 1:55 | Build | Lumber Camp |
| 2:12 | Create | Villager (Male) |
| 2:13 | Create | Villager (Male) |
| 2:29 | Create | Villager (Male) |
| 2:52 | Create | Villager (Male) |
| 3:18 | Create | Villager (Male) |
| 3:19 | Create | Villager (Male) |
| 3:39 | Create | Villager (Male) |
| 3:39 | Create | Villager (Male) |
| 4:03 | Build | House |
| 4:18 | Create | Villager (Male) |
| 4:18 | Create | Villager (Male) |
| 4:29 | Build | House |
| 5:01 | Create | Villager (Male) |
| 5:11 | Create | Villager (Male) |
| 5:28 | Build | Mill |
| 5:52 | Create | Villager (Male) |
| 6:07 | Research | Loom |
| 6:53 | Research | Feudal Age |
| 6:53 | Research | Feudal Age |
| 7:35 | Build | Barracks |
| 8:31 | Create | Villager (Male) |
| 8:31 | Create | Villager (Male) |
| 8:50 | Build | House |
| 8:55 | Build | Palisade Gate |
| 9:03 | Age | Feudal Age |
| 9:08 | Build | Stable |
| 9:09 | Research | Double-Bit Axe |
| 9:33 | Build | Farm |
| 9:41 | Create | Villager (Male) |
| 9:57 | Create | Scout Cavalry |
| 9:57 | Create | Scout Cavalry |
| 9:57 | Create | Scout Cavalry |
| 10:04 | Build | House |
| 10:04 | Build | House |
| 10:18 | Create | Villager (Male) |
| 10:21 | Create | Villager (Male) |
| 10:22 | Create | Villager (Male) |
| 10:27 | Build | Farm |
| 10:27 | Build | Farm |
| 10:27 | Build | Farm |
| 10:27 | Build | Farm |
| 10:27 | Build | Farm |
| 10:28 | Build | Farm |
| 10:59 | Build | Farm |
| 11:12 | Build | Palisade Wall |
| 11:14 | Create | Villager (Male) |
| 11:19 | Create | Scout Cavalry |
| 11:44 | Build | House |
| 11:48 | Build | Palisade Wall |
| 11:56 | Build | Farm |
| 11:56 | Build | Farm |
| 11:57 | Build | Farm |
| 11:59 | Create | Villager (Male) |
| 12:07 | Create | Scout Cavalry |
| 12:10 | Create | Scout Cavalry |
| 12:25 | Build | Palisade Wall |
| 12:27 | Create | Villager (Male) |
| 12:49 | Create | Villager (Male) |
| 12:56 | Build | Farm |
| 12:56 | Build | Farm |
| 12:56 | Build | Farm |
| 12:56 | Build | Farm |
| 12:57 | Build | Farm |
| 13:08 | Build | Palisade Wall |
| 13:10 | Create | Villager (Male) |
| 13:23 | Build | Watch Tower |
| 13:34 | Create | Villager (Male) |
| 14:25 | Create | Villager (Male) |
| 14:25 | Create | Villager (Male) |
| 14:50 | Create | Villager (Male) |
| 14:51 | Create | Villager (Male) |
| 14:56 | Build | Mining Camp |
| 15:04 | Build | Farm |
| 15:13 | Build | Mining Camp |
| 15:28 | Create | Scout Cavalry |
| 15:48 | Create | Villager (Male) |
| 16:09 | Create | Scout Cavalry |
| 16:17 | Build | House |
| 16:27 | Build | House |
| 16:42 | Build | House |
| 16:44 | Create | Villager (Male) |
| 16:48 | Build | Farm |
| 16:57 | Create | Villager (Male) |
| 17:02 | Build | House |
| 17:13 | Build | Blacksmith |
| 17:21 | Build | Blacksmith |
| 17:41 | Create | Villager (Male) |
| 17:41 | Create | Villager (Male) |
| 18:02 | Build | House |
| 18:05 | Build | House |
| 18:11 | Build | House |
| 18:25 | Research | Castle Age |
| 18:41 | Build | Stable |
| 18:47 | Build | Stable |
| 18:55 | Build | Market |
| 19:57 | Build | House |
| 19:59 | Build | House |
| 20:10 | Research | Scale Barding Armor |
| 20:11 | Research | Forging |
| 20:22 | Research | Gold Mining |
| 20:48 | Create | Villager (Male) |
| 20:48 | Create | Villager (Male) |
| 20:59 | Build | Lumber Camp |
| 21:11 | Age | Castle Age |
| 21:15 | Create | Knight |
| 21:15 | Create | Knight |
| 21:15 | Create | Knight |
| 21:16 | Create | Knight |
| 21:22 | Research | Chain Barding Armor |
| 21:29 | Build | Farm |
| 21:44 | Build | Farm |
| 21:44 | Build | Farm |
| 21:44 | Build | Farm |
| 21:45 | Build | Farm |
| 21:46 | Build | Farm |
| 21:52 | Create | Villager (Male) |
| 22:19 | Create | Villager (Male) |
| 22:23 | Create | Knight |
| 22:23 | Create | Knight |
| 22:23 | Create | Knight |
| 22:34 | Build | Farm |
| 22:36 | Create | Villager (Male) |
| 22:42 | Build | Farm |
| 23:07 | Build | Farm |
| 23:07 | Build | Farm |
| 23:08 | Build | Farm |
| 23:08 | Build | Farm |
| 23:08 | Build | Farm |
| 23:08 | Build | Farm |
| 23:11 | Create | Villager (Male) |
| 23:22 | Create | Villager (Male) |
| 23:43 | Create | Knight |
| 23:43 | Create | Knight |
| 23:43 | Create | Knight |
| 23:52 | Create | Villager (Male) |
| 24:18 | Create | Villager (Male) |
| 24:27 | Research | Bow Saw |
| 24:51 | Create | Villager (Male) |
| 24:51 | Research | Wheelbarrow |
| 24:55 | Create | Knight |
| 24:55 | Create | Knight |
Build order — Truitos del groovos
First 150 of 616 actions detected
| 0:00 | Create | Villager (Male) |
| 0:00 | Create | Villager (Male) |
| 0:01 | Create | Villager (Male) |
| 0:02 | Build | House |
| 0:06 | Build | House |
| 1:05 | Create | Villager (Male) |
| 1:29 | Create | Villager (Male) |
| 2:01 | Build | Lumber Camp |
| 2:04 | Create | Villager (Male) |
| 2:23 | Create | Villager (Male) |
| 3:01 | Create | Villager (Male) |
| 3:06 | Build | House |
| 3:18 | Create | Villager (Male) |
| 3:40 | Build | House |
| 3:46 | Create | Villager (Male) |
| 3:47 | Create | Villager (Male) |
| 4:15 | Create | Villager (Male) |
| 4:44 | Create | Villager (Male) |
| 4:44 | Create | Villager (Male) |
| 5:34 | Build | Barracks |
| 5:38 | Create | Villager (Male) |
| 5:38 | Create | Villager (Male) |
| 6:49 | Create | Villager (Male) |
| 6:53 | Research | Loom |
| 7:08 | Create | Militia |
| 7:08 | Create | Militia |
| 7:09 | Create | Militia |
| 7:25 | Build | Mill |
| 8:00 | Create | Villager (Male) |
| 8:01 | Create | Villager (Male) |
| 8:12 | Build | Farm |
| 8:14 | Build | Farm |
| 8:35 | Build | House |
| 8:37 | Build | House |
| 9:10 | Create | Villager (Male) |
| 9:13 | Build | Farm |
| 9:20 | Build | Palisade Wall |
| 9:42 | Build | Palisade Wall |
| 9:59 | Research | Feudal Age |
| 10:01 | Build | Farm |
| 10:08 | Build | Palisade Wall |
| 10:14 | Build | Palisade Wall |
| 10:25 | Build | Palisade Wall |
| 10:35 | Create | Villager (Male) |
| 10:36 | Create | Villager (Male) |
| 10:59 | Build | House |
| 11:23 | Build | House |
| 11:30 | Build | Palisade Wall |
| 11:46 | Build | House |
| 12:05 | Build | Mining Camp |
| 12:09 | Age | Feudal Age |
| 12:16 | Build | House |
| 12:23 | Create | Villager (Male) |
| 12:50 | Build | House |
| 13:09 | Create | Villager (Male) |
| 13:09 | Create | Villager (Male) |
| 13:09 | Create | Villager (Male) |
| 13:20 | Build | Archery Range |
| 13:22 | Build | House |
| 13:46 | Create | Archer |
| 14:07 | Build | Watch Tower |
| 14:15 | Create | Villager (Male) |
| 14:15 | Create | Villager (Male) |
| 14:17 | Research | Double-Bit Axe |
| 14:35 | Build | Farm |
| 14:37 | Create | Villager (Male) |
| 14:44 | Create | Archer |
| 14:44 | Create | Archer |
| 15:11 | Build | Farm |
| 15:14 | Create | Villager (Male) |
| 15:15 | Create | Archer |
| 15:15 | Create | Archer |
| 15:15 | Create | Archer |
| 15:43 | Build | Blacksmith |
| 15:47 | Create | Villager (Male) |
| 15:48 | Create | Archer |
| 16:03 | Create | Villager (Male) |
| 16:19 | Build | House |
| 16:29 | Build | House |
| 16:38 | Create | Archer |
| 16:38 | Create | Archer |
| 16:38 | Create | Archer |
| 16:44 | Research | Fletching |
| 16:49 | Build | House |
| 16:53 | Create | Villager (Male) |
| 16:54 | Create | Villager (Male) |
| 16:54 | Create | Villager (Male) |
| 17:02 | Build | House |
| 17:13 | Create | Villager (Male) |
| 17:17 | Build | Farm |
| 17:19 | Build | Farm |
| 17:40 | Build | Farm |
| 17:54 | Build | Farm |
| 18:11 | Build | Farm |
| 18:12 | Create | Villager (Male) |
| 18:20 | Build | Farm |
| 18:21 | Create | Villager (Male) |
| 18:23 | Create | Archer |
| 18:39 | Build | Farm |
| 18:46 | Build | Farm |
| 18:48 | Create | Villager (Male) |
| 19:09 | Build | Farm |
| 19:25 | Research | Horse Collar |
| 19:49 | Create | Villager (Male) |
| 19:49 | Create | Villager (Male) |
| 20:35 | Build | Stable |
| 20:49 | Create | Villager (Male) |
| 21:17 | Build | Market |
| 21:22 | Build | Lumber Camp |
| 21:51 | Research | Castle Age |
| 22:01 | Build | Outpost |
| 22:04 | Build | Outpost |
| 22:06 | Build | Outpost |
| 22:07 | Build | Outpost |
| 22:10 | Research | Gold Mining |
| 22:38 | Build | Palisade Gate |
| 22:55 | Create | Spearman |
| 23:12 | Build | Stable |
| 23:20 | Research | Scale Barding Armor |
| 23:25 | Create | Spearman |
| 23:25 | Create | Spearman |
| 23:30 | Research | Town Watch |
| 23:37 | Research | Wheelbarrow |
| 24:26 | Research | Bloodlines |
| 24:31 | Age | Castle Age |
| 24:32 | Create | Knight |
| 24:32 | Create | Knight |
| 24:50 | Build | Town Center |
| 25:01 | Build | Town Center |
| 25:15 | Create | Knight |
| 25:15 | Create | Knight |
| 25:33 | Build | Lumber Camp |
| 25:37 | Build | Farm |
| 25:39 | Build | Farm |
| 25:40 | Build | Farm |
| 25:51 | Create | Knight |
| 25:51 | Create | Knight |
| 26:15 | Research | Husbandry |
| 26:15 | Research | Husbandry |
| 26:29 | Create | Villager (Male) |
| 26:30 | Create | Villager (Male) |
| 26:41 | Create | Knight |
| 26:41 | Create | Knight |
| 26:41 | Create | Knight |
| 26:42 | Create | Knight |
| 26:58 | Create | Knight |
| 27:12 | Create | Villager (Male) |
| 27:16 | Create | Knight |
| 27:16 | Create | Knight |
| 27:20 | Create | Villager (Male) |
Build order — MzTm | Monito Monito
First 150 of 464 actions detected
| 0:03 | Create | Villager (Male) |
| 0:04 | Create | Villager (Male) |
| 0:04 | Create | Villager (Male) |
| 0:04 | Create | Villager (Male) |
| 0:04 | Create | Villager (Male) |
| 0:05 | Build | House |
| 0:06 | Build | House |
| 1:34 | Create | Villager (Male) |
| 2:05 | Create | Villager (Male) |
| 2:05 | Create | Villager (Male) |
| 2:34 | Create | Villager (Male) |
| 2:52 | Create | Villager (Male) |
| 3:17 | Build | Lumber Camp |
| 3:25 | Create | Villager (Male) |
| 3:25 | Create | Villager (Male) |
| 3:41 | Create | Villager (Male) |
| 3:47 | Create | Villager (Male) |
| 4:07 | Create | Villager (Male) |
| 4:21 | Create | Villager (Male) |
| 4:23 | Build | House |
| 4:32 | Create | Villager (Male) |
| 5:02 | Create | Villager (Male) |
| 5:31 | Create | Villager (Male) |
| 6:11 | Build | House |
| 6:15 | Create | Villager (Male) |
| 6:47 | Research | Loom |
| 6:55 | Build | Mill |
| 7:14 | Research | Feudal Age |
| 7:15 | Research | Feudal Age |
| 7:38 | Build | Barracks |
| 8:34 | Create | Militia |
| 8:34 | Create | Militia |
| 8:34 | Create | Militia |
| 8:42 | Build | Mining Camp |
| 9:06 | Build | Palisade Wall |
| 9:08 | Build | Palisade Wall |
| 9:10 | Build | Palisade Wall |
| 9:12 | Build | Palisade Wall |
| 9:15 | Build | Palisade Wall |
| 9:17 | Build | Palisade Wall |
| 9:24 | Age | Feudal Age |
| 9:26 | Build | Palisade Wall |
| 9:29 | Build | Palisade Wall |
| 9:32 | Build | Palisade Wall |
| 9:34 | Research | Man-at-Arms (upgrade) |
| 9:38 | Create | Villager (Male) |
| 9:46 | Build | Palisade Wall |
| 10:04 | Create | Villager (Male) |
| 10:09 | Create | Villager (Male) |
| 10:26 | Build | Palisade Wall |
| 10:28 | Create | Villager (Male) |
| 10:32 | Research | Double-Bit Axe |
| 10:38 | Build | House |
| 10:58 | Build | Palisade Wall |
| 11:15 | Research | Horse Collar |
| 11:20 | Create | Militia |
| 11:25 | Create | Villager (Male) |
| 12:02 | Build | Farm |
| 12:21 | Build | Farm |
| 12:24 | Build | House |
| 12:26 | Research | Wheelbarrow |
| 12:40 | Research | Arson |
| 12:58 | Create | Villager (Male) |
| 13:02 | Build | Farm |
| 13:02 | Build | Farm |
| 13:16 | Create | Villager (Male) |
| 13:19 | Build | Farm |
| 13:21 | Build | House |
| 13:47 | Create | Villager (Male) |
| 14:01 | Create | Militia |
| 14:12 | Build | Blacksmith |
| 14:32 | Create | Militia |
| 14:49 | Create | Villager (Male) |
| 14:52 | Build | Mining Camp |
| 15:02 | Create | Villager (Male) |
| 15:05 | Build | Farm |
| 15:27 | Build | Farm |
| 15:32 | Build | Farm |
| 15:34 | Create | Villager (Male) |
| 15:38 | Build | Farm |
| 15:57 | Build | Watch Tower |
| 16:19 | Create | Villager (Male) |
| 17:13 | Create | Villager (Male) |
| 17:36 | Build | House |
| 17:44 | Create | Villager (Male) |
| 17:49 | Build | Market |
| 18:03 | Build | Lumber Camp |
| 18:13 | Create | Villager (Male) |
| 18:35 | Build | Mining Camp |
| 18:50 | Research | Castle Age |
| 18:51 | Research | Castle Age |
| 19:04 | Research | Forging |
| 19:34 | Build | Outpost |
| 19:36 | Build | Outpost |
| 20:21 | Build | House |
| 21:30 | Age | Castle Age |
| 21:33 | Build | Town Center |
| 21:35 | Create | Villager (Male) |
| 21:37 | Create | Villager (Male) |
| 21:43 | Research | Town Watch |
| 22:04 | Build | Palisade Gate |
| 22:37 | Create | Villager (Male) |
| 22:37 | Create | Villager (Male) |
| 22:38 | Create | Villager (Male) |
| 22:47 | Create | Villager (Male) |
| 22:59 | Research | Fletching |
| 23:14 | Build | Lumber Camp |
| 23:16 | Create | Villager (Male) |
| 23:32 | Create | Villager (Male) |
| 23:33 | Create | Villager (Male) |
| 23:39 | Build | Farm |
| 23:42 | Build | Farm |
| 23:44 | Build | Farm |
| 23:48 | Create | Villager (Male) |
| 24:03 | Create | Villager (Male) |
| 24:08 | Build | Farm |
| 24:08 | Build | Farm |
| 24:21 | Build | Farm |
| 24:23 | Build | Farm |
| 24:34 | Create | Villager (Male) |
| 24:50 | Build | Farm |
| 24:50 | Build | Farm |
| 24:53 | Create | Villager (Male) |
| 25:12 | Build | Castle |
| 25:12 | Create | Villager (Male) |
| 25:12 | Create | Villager (Male) |
| 25:17 | Build | Castle |
| 25:36 | Build | Farm |
| 25:36 | Build | Farm |
| 25:36 | Build | Farm |
| 25:37 | Build | Farm |
| 25:37 | Build | Farm |
| 25:37 | Build | Farm |
| 25:38 | Build | Farm |
| 25:49 | Build | University |
| 25:51 | Create | Villager (Male) |
| 25:52 | Create | Villager (Male) |
| 26:19 | Build | Stable |
| 26:22 | Create | Villager (Male) |
| 26:32 | Build | Lumber Camp |
| 26:33 | Create | Mangudai |
| 26:33 | Create | Mangudai |
| 26:36 | Create | Villager (Male) |
| 26:37 | Create | Villager (Male) |
| 26:54 | Research | Ballistics |
| 27:03 | Create | Mangudai |
| 27:03 | Create | Mangudai |
| 27:16 | Research | Bodkin Arrow |
| 27:38 | Create | Mangudai |
| 27:45 | Research | Husbandry |
Build order — The_Magenta
First 150 of 523 actions detected
| 0:00 | Create | Villager (Male) |
| 0:01 | Create | Villager (Male) |
| 0:01 | Create | Villager (Male) |
| 0:02 | Build | House |
| 0:04 | Build | House |
| 0:14 | Create | Villager (Male) |
| 1:34 | Create | Villager (Male) |
| 2:02 | Create | Villager (Male) |
| 2:12 | Create | Villager (Male) |
| 2:16 | Build | Lumber Camp |
| 3:05 | Create | Villager (Male) |
| 3:06 | Create | Villager (Male) |
| 3:06 | Create | Villager (Male) |
| 3:11 | Build | House |
| 3:38 | Create | Villager (Male) |
| 4:24 | Create | Villager (Male) |
| 4:24 | Create | Villager (Male) |
| 4:24 | Create | Villager (Male) |
| 5:19 | Build | Mill |
| 5:32 | Create | Villager (Male) |
| 5:49 | Research | Loom |
| 6:43 | Research | Feudal Age |
| 7:40 | Build | Barracks |
| 8:44 | Build | House |
| 8:53 | Age | Feudal Age |
| 8:54 | Build | Archery Range |
| 8:55 | Create | Villager (Male) |
| 8:55 | Create | Villager (Male) |
| 8:58 | Research | Double-Bit Axe |
| 9:19 | Create | Spearman |
| 9:28 | Build | Mining Camp |
| 9:37 | Create | Villager (Male) |
| 9:46 | Build | House |
| 9:50 | Create | Archer |
| 9:50 | Create | Archer |
| 9:58 | Build | Palisade Wall |
| 10:00 | Create | Spearman |
| 10:02 | Create | Villager (Male) |
| 10:20 | Build | House |
| 10:32 | Create | Villager (Male) |
| 11:00 | Build | House |
| 11:06 | Build | Blacksmith |
| 11:09 | Create | Archer |
| 11:10 | Create | Villager (Male) |
| 11:15 | Create | Villager (Male) |
| 11:32 | Build | House |
| 11:37 | Build | Palisade Wall |
| 11:38 | Create | Villager (Male) |
| 11:48 | Create | Spearman |
| 11:54 | Build | Palisade Wall |
| 12:17 | Create | Villager (Male) |
| 12:19 | Build | Farm |
| 12:22 | Build | Farm |
| 12:26 | Research | Fletching |
| 12:27 | Create | Archer |
| 12:27 | Create | Archer |
| 12:32 | Build | House |
| 12:44 | Create | Spearman |
| 12:52 | Create | Villager (Male) |
| 12:57 | Build | Farm |
| 13:05 | Create | Spearman |
| 13:14 | Build | House |
| 13:44 | Build | House |
| 13:47 | Build | House |
| 13:54 | Create | Spearman |
| 13:56 | Create | Villager (Male) |
| 13:56 | Create | Villager (Male) |
| 13:56 | Create | Villager (Male) |
| 13:59 | Build | Farm |
| 14:06 | Build | House |
| 14:43 | Create | Archer |
| 14:43 | Create | Archer |
| 14:44 | Create | Villager (Male) |
| 14:44 | Create | Villager (Male) |
| 14:46 | Build | Farm |
| 14:48 | Build | Farm |
| 14:50 | Build | Farm |
| 14:54 | Build | Farm |
| 15:10 | Build | Palisade Wall |
| 15:22 | Create | Villager (Male) |
| 15:24 | Build | Farm |
| 15:38 | Build | Farm |
| 15:39 | Create | Villager (Male) |
| 15:40 | Create | Villager (Male) |
| 15:59 | Build | Farm |
| 16:07 | Build | Palisade Wall |
| 16:10 | Build | House |
| 16:35 | Create | Villager (Male) |
| 16:42 | Build | Farm |
| 17:01 | Build | House |
| 17:04 | Build | Palisade Wall |
| 17:21 | Create | Villager (Male) |
| 17:38 | Create | Archer |
| 17:38 | Create | Archer |
| 17:39 | Create | Archer |
| 18:22 | Build | House |
| 18:26 | Build | House |
| 19:07 | Research | Castle Age |
| 19:10 | Build | Archery Range |
| 19:14 | Create | Archer |
| 19:14 | Create | Archer |
| 19:25 | Build | House |
| 19:47 | Build | House |
| 20:20 | Research | Horse Collar |
| 20:22 | Research | Gold Mining |
| 20:26 | Create | Archer |
| 20:26 | Create | Archer |
| 20:26 | Create | Archer |
| 20:26 | Create | Archer |
| 20:51 | Build | House |
| 21:06 | Create | Archer |
| 21:06 | Create | Archer |
| 21:07 | Create | Archer |
| 21:23 | Build | House |
| 21:47 | Age | Castle Age |
| 21:51 | Research | Bodkin Arrow |
| 21:53 | Research | Crossbowman (upgrade) |
| 22:05 | Build | House |
| 22:28 | Create | Villager (Male) |
| 22:28 | Create | Villager (Male) |
| 22:28 | Create | Villager (Male) |
| 22:41 | Create | Archer |
| 22:41 | Create | Archer |
| 22:42 | Create | Archer |
| 22:42 | Create | Archer |
| 22:47 | Build | University |
| 23:00 | Research | Bow Saw |
| 23:07 | Build | Farm |
| 23:22 | Create | Villager (Male) |
| 23:45 | Build | Farm |
| 23:47 | Build | Farm |
| 23:48 | Create | Villager (Male) |
| 23:49 | Create | Villager (Male) |
| 24:04 | Create | Villager (Male) |
| 24:48 | Research | Ballistics |
| 24:48 | Research | Ballistics |
| 24:54 | Research | Padded Archer Armor |
| 24:56 | Create | Villager (Male) |
| 25:24 | Build | Farm |
| 25:25 | Create | Villager (Male) |
| 25:27 | Create | Villager (Male) |
| 25:36 | Build | Market |
| 25:48 | Build | House |
| 25:55 | Build | House |
| 26:09 | Build | House |
| 26:11 | Build | House |
| 26:15 | Create | Villager (Male) |
| 26:15 | Create | Villager (Male) |
| 26:25 | Build | House |
| 26:27 | Build | House |
Match timeline
| 5:34 | Truitos del groovos · first_building Barracks |
| 7:35 | TONY MONTANA · first_building Barracks |
| 7:38 | MzTm | Monito Monito · first_building Barracks |
| 7:40 | The_Magenta · first_building Barracks |
| 8:53 | The_Magenta · age_up feudal |
| 8:54 | The_Magenta · first_building Archery Range |
| 9:03 | TONY MONTANA · age_up feudal |
| 9:06 | MzTm | Monito Monito · wall_segment Palisade Wall x1 |
| 9:08 | TONY MONTANA · first_building Stable |
| 9:08 | MzTm | Monito Monito · wall_segment Palisade Wall x1 |
| 9:10 | MzTm | Monito Monito · wall_segment Palisade Wall x1 |
| 9:12 | MzTm | Monito Monito · wall_segment Palisade Wall x1 |
| 9:15 | MzTm | Monito Monito · wall_segment Palisade Wall x4 |
| 9:17 | MzTm | Monito Monito · wall_segment Palisade Wall x3 |
| 9:20 | Truitos del groovos · wall_segment Palisade Wall x16 |
| 9:24 | MzTm | Monito Monito · age_up feudal |
| 9:26 | MzTm | Monito Monito · wall_segment Palisade Wall x1 |
| 9:29 | MzTm | Monito Monito · wall_segment Palisade Wall x1 |
| 9:32 | MzTm | Monito Monito · wall_segment Palisade Wall x1 |
| 9:42 | Truitos del groovos · wall_segment Palisade Wall x8 |
| 9:46 | MzTm | Monito Monito · wall_segment Palisade Wall x1 |
| 9:58 | The_Magenta · wall_segment Palisade Wall x1 |
| 10:08 | Truitos del groovos · wall_segment Palisade Wall x15 |
| 10:14 | Truitos del groovos · wall_segment Palisade Wall x7 |
| 10:25 | Truitos del groovos · wall_segment Palisade Wall x10 |
| 10:26 | MzTm | Monito Monito · wall_segment Palisade Wall x2 |
| 10:58 | MzTm | Monito Monito · wall_segment Palisade Wall x1 |
| 11:12 | TONY MONTANA · wall_segment Palisade Wall x11 |
| 11:30 | Truitos del groovos · wall_segment Palisade Wall x1 |
| 11:37 | The_Magenta · wall_segment Palisade Wall x1 |
| 11:48 | TONY MONTANA · wall_segment Palisade Wall x4 |
| 11:54 | The_Magenta · wall_segment Palisade Wall x10 |
| 12:09 | Truitos del groovos · age_up feudal |
| 12:25 | TONY MONTANA · wall_segment Palisade Wall x10 |
| 13:08 | TONY MONTANA · wall_segment Palisade Wall x11 |
| 13:20 | Truitos del groovos · first_building Archery Range |
| 15:10 | The_Magenta · wall_segment Palisade Wall x6 |
| 16:07 | The_Magenta · wall_segment Palisade Wall x4 |
| 17:04 | The_Magenta · wall_segment Palisade Wall x7 |
| 20:35 | Truitos del groovos · first_building Stable |
| 21:11 | TONY MONTANA · age_up castle |
| 21:30 | MzTm | Monito Monito · age_up castle |
| 21:47 | The_Magenta · age_up castle |
| 24:31 | Truitos del groovos · age_up castle |
| 24:48 | Truitos del groovos · first_market_buy 100 stone |
| 25:12 | MzTm | Monito Monito · first_building Castle |
| 25:15 | TONY MONTANA · first_building Siege Workshop |
| 25:52 | TONY MONTANA · first_building Castle |
| 26:19 | MzTm | Monito Monito · first_building Stable |
| 26:52 | MzTm | Monito Monito · first_market_buy 100 wood |
| 28:13 | The_Magenta · first_market_buy 100 wood |
| 28:42 | TONY MONTANA · first_market_sell 100 wood |
| 28:50 | MzTm | Monito Monito · wall_segment Stone Wall x9 |
| 29:25 | MzTm | Monito Monito · first_market_sell 100 wood |
| 31:36 | MzTm | Monito Monito · first_building Archery Range |
| 31:37 | Truitos del groovos · first_building Castle |
| 32:25 | The_Magenta · wall_segment Palisade Wall x5 |
| 32:58 | TONY MONTANA · first_market_buy 100 wood |
| 34:29 | MzTm | Monito Monito · first_building Monastery |
| 37:28 | MzTm | Monito Monito · age_up imperial |
| 37:44 | Truitos del groovos · first_building Monastery |
| 39:31 | The_Magenta · first_building Castle |
| 40:45 | TONY MONTANA · age_up imperial |
| 41:28 | Truitos del groovos · age_up imperial |
| 41:54 | The_Magenta · first_building Monastery |
| 42:08 | Truitos del groovos · first_market_sell 100 food |
| 43:46 | The_Magenta · age_up imperial |
| 46:34 | Truitos del groovos · wall_segment Stone Wall x1 |
| 61:30 | MzTm | Monito Monito · resign |
[ AI ANALYSIS · 1 CREDIT ]
What really happened in this match?
Wolo.gg analyzes every decision: build order, eco, micro, common mistakes by bracket. Personalized analysis on WhatsApp or Discord in 30 seconds.
Civ guide
Franks
Perfil
Jugador #23872830